 Dungeon Crawl Stone Soup version 0.30.1-11-g7821555f0a (webtiles) character file.

Game seed: 4973921579199475906

315 Okkudo the Cleaver (level 6, -5/51 HPs)
             Began as a Hill Orc Monk on Dec 2, 2023.
             Splashed by a jelly's acid (9 damage)
             ... on level 4 of the Dungeon.
             The game lasted 00:09:43 (3364 turns).

Okkudo the Cleaver (Hill Orc Monk)                  Turns: 3364, Time: 00:09:44

Health: -5/51      AC:  4    Str: 16    XL:     6   Next: 44%
Magic:  6/6        EV: 11    Int: 10    God:
Gold:   127        SH:  0    Dex: 13    Spells: 5/5 levels left

rFire   + . .        a - +1 hand axe
rCold   . . .        d - orb {light}
rNeg    . . .        s - +0 ring mail
rPois   .            r - +0 helmet
rElec   .            i - +0 cloak
rCorr   .            t - +0 pair of gloves
SInv    .            (no boots)
Will    .....        (no amulet)
Stlth   +            o - ring of protection from fire
HPRegen 0.28/turn    (no ring)
MPRegen 0.10/turn

%: no passive effects
@: corroded, glowing
A: no striking features
a: no special abilities


You were on level 4 of the Dungeon.
You visited 1 branch of the dungeon, and saw 4 of its levels.

You collected 127 gold pieces.

Inventory:

Hand Weapons
 a - a +1 hand axe (weapon)
Missiles
 b - 2 throwing nets
 u - 4 poisoned darts (quivered)
Armour
 d - an orb of light (worn)
 i - a +0 cloak (worn)
 r - a +0 helmet (worn)
 s - a +0 ring mail (worn)
 t - a +0 pair of gloves (worn)
Jewellery
 o - a ring of protection from fire (left hand)
Scrolls
 e - a scroll of fog
 f - 2 scrolls of enchant weapon
 h - 3 scrolls of teleportation {unknown}
 l - 2 scrolls of vulnerability {unknown}
 n - a scroll of enchant armour
 p - a scroll of summoning {unknown}
 q - a scroll of noise {unknown}
Potions
 c - 2 potions of ambrosia
 g - a potion of flight {unknown}
 j - 2 potions of degeneration {unknown}
 k - a potion of invisibility {unknown}
 m - 2 potions of haste {unknown}
 v - a potion of attraction {unknown}


   Skills:
 - Level 3.6 Fighting
 * Level 9.3 Axes
 - Level 2.4 Dodging


You had 5 spell levels left.
You didn't know any spells.
Your spell library contained the following spells:

 Spells                   Type           Power      Damage    Failure   Level
 Sandblast                Erth           0%         2d4       58%         1
 Sting                    Tmut/Pois      0%         1d3       58%         1
 Passwall                 Tmut/Erth      0%         N/A       73%         2
 Poisonous Vapours        Pois/Air       0%         N/A       73%         2
 Portal Projectile        Hex/Tloc       0%         N/A       91%         3
 Stone Arrow              Conj/Erth      0%         3d7       91%         3
 Tukima's Dance           Hex            0%         N/A       91%         3
 Olgreb's Toxic Radiance  Pois           0%         N/A       100%        4
 Blade Hands              Tmut           0%         N/A       100%        5


Dungeon Overview and Level Annotations

Branches:
Dungeon (4/15)
 Temple: D:4-7

Altars:
Okawaru

Shops:
D:1 [=![

Annotations:
D:4 Blork the orc


Message History

There is an open door here.
You open the door.
There is an open door here.
h - 3 scrolls labelled SARYIT EHOYTOO (gained 1) Blork the orc comes into view.
He is wielding a +0 war axe.
Blork the orc shouts!
Blork the orc mumbles some strange words.
Blork the orc seems to speed up.
Blork the orc looks braver for a moment.
Blork the orc drinks a potion.
Blork the orc's spells are empowered!
A jelly comes into view.
The jelly quivers.
Blork the orc gestures at you while chanting.
The magic dart hits you.
Blork the orc gestures at you while chanting.
The puff of frost hits you!
You slash Blork the orc!
Blork the orc is moderately wounded.
Blork the orc casts a spell at you. The magic dart hits you.
You hit Blork the orc but do no damage.
Blork the orc is moderately wounded.
Blork the orc hits you with a +0 war axe!
You hit Blork the orc.
Blork the orc is heavily wounded.
Blork the orc casts a spell at you. The puff of flame hits you. You resist.
You hit Blork the orc but do no damage.
Blork the orc is heavily wounded.
Blork the orc casts a cantrip, but nothing happens.
You hit Blork the orc.
Blork the orc is heavily wounded.
You hit the jelly.
Your hands burn!
Blork the orc points at you and mumbles some strange words.
The puff of frost hits you!
* * * LOW HITPOINT WARNING * * *
Blork the orc barely misses you. The jelly hits you.
* * * LOW HITPOINT WARNING * * *
The acid corrodes you!
You are splashed with acid!
You die...

##..⌠..##'## #'#
###...##...## #..# #
##.##.....## #..##
####+#.......#+#....#
#................#
#...............##
##...............#####
#####................###
# ####..........@J......
##...##...######.o......
'..♣ ##### #........
##...# #.....##. # ####
......# # .....## #
....## # ....## #


You could see Blork the orc (fast, empowered) and a jelly.

Vanquished Creatures
  An ogre (D:4)
  Crazy Yiuf (D:3)
  A hound (D:4)
  Natasha (D:4)
  3 gnolls (D:3)
  2 adders (D:2)
  3 dart slugs
  6 orcs
  4 ball pythons
  3 bats
  7 endoplasms
  5 giant cockroaches
  8 goblins
  10 hobgoblins
  6 jackals
  6 kobolds
  5 quokkas
  3 frilled lizards (D:3)
  7 rats
82 creatures vanquished.

Notes
Turn   | Place    | Note
-------+----------+-------------------------------------------
     0 | D:1      | Okkudo the Hill Orc Monk began the quest for the Orb.
     0 | D:1      | Reached XP level 1. HP: 19/19 MP: 1/1
   128 | D:1      | Found Debrurph's Distillery.
   275 | D:1      | Found Pung's Jewellery Shoppe.
   284 | D:1      | Reached XP level 2. HP: 18/26 MP: 2/2
   320 | D:1      | Found Fethreis's Antique Armour Shoppe.
   439 | D:1      | Found Vuinet's Antique Armour Shop.
   588 | D:1      | Reached skill level 5 in Axes
  1016 | D:2      | Found a faded altar of an unknown god.
  1079 | D:2      | Found an iron altar of Okawaru.
  1081 | D:2      | Reached XP level 3. HP: 31/31 MP: 3/3
  1247 | D:2      | Reached skill level 6 in Axes
  1694 | D:3      | Reached XP level 4. HP: 39/39 MP: 4/4
  2174 | D:3      | Identified the +2 mace of Discord {speed, +Blink rF+ Dex-3}
  2335 | D:3      | Reached skill level 7 in Axes
  2448 | D:3      | Reached XP level 5. HP: 24/45 MP: 5/5
  2616 | D:3      | Found a runed translucent door.
  2617 | D:3      | Noticed Crazy Yiuf
  2828 | D:3      | Killed Crazy Yiuf
  3204 | D:4      | Noticed Natasha
  3212 | D:4      | Killed Natasha
  3213 | D:4      | Reached skill level 8 in Axes
  3257 | D:4      | Noticed an ogre
  3268 | D:4      | Killed an ogre
  3269 | D:4      | Reached skill level 9 in Axes
  3269 | D:4      | Reached XP level 6. HP: 42/51 MP: 6/6
  3355 | D:4      | Noticed Blork the orc
  3364 | D:4      | Splashed by a jelly's acid

Illustrated notes

Levels and vault maps discovered:
D:1:      amcnicky_arrival_feature_with_door, layout_basic, serial_shops, shop,
          nicolae_shop_rolling_square, shop, nicolae_shop_peninsula,
          grunt_decor_junction, grunt_decor_one_mirror
D:2:      layout_basic, basic_altar, basic_ecumenical_altar,
          minmay_misc_feat_encased
D:3:      minmay_diamond_boxcup, layout_basic, uniq_crazy_yiuf_cottage
D:4:      layout_cave_pods, hangedman_decor_slide_cut, grunt_ministairs_5,
          nicolae_hexahallways, uniq_natasha, uniq_blork_the_orc

Skill      XL: |  1  2  3  4  5 |
---------------+----------------+-----
Axes           | 5 6 7 9 |  9.3
Fighting       | |  3.6
Dodging        | |  2.4

Action                     |  1- 3 |  4- 6 || total
---------------------------+-------+-------++-------
  Melee: Hand axe          |    74 |   164 ||   238
    Use: Scroll            |       |     5 ||     5
   Stab: Sleeping          |     1 |       ||     1
 Armour: Robe              |    10 |       ||    10
         Ring mail         |       |    54 ||    54
  Dodge: Dodged            |    54 |    82 ||   136
